Map: Year Zero LE

Players

Ziggy - Winner!

  • Race: Terran Terran
  • Spawn Location: 11:00

GogojOey

  • Race: Zerg Zerg
  • Spawn Location: 1:00

Event: 2019 WCS Spring

VOD

Have the link to the VOD?

Description

Time

  • Played on: May 17, 2019, 10:04 a.m.
  • Length: 15:21

All games in this series

Show
View Real Time Build Order
Export as new Build Order

Ziggy Terran - Winner!

Build Orders: Hellion Opening, Reaper Expand 

Get SALT Encoding   

  12  0:00  SCV  
  13  0:12  SCV  
  14  0:18  Supply Depot  
  14  0:24  SCV  
  15  0:39  SCV, Barracks  
  16  0:44  Refinery  
  16  0:51  SCV  
  17  1:03  SCV  
  18  1:15  SCV  
  19  1:27  Orbital Command, Reaper  
  20  1:41  Command Center  
  20  1:50  Supply Depot  
  20  1:53  SCV  
  21  1:58  Marine  
  22  2:05  SCV  
  23  2:09  Factory  
  23  2:15  Refinery  
  23  2:17  SCV  
  25  2:27  Barracks Reactor  
  25  2:30  SCV  
  25  2:42  SCV  
  26  2:54  SCV, Orbital Command  
  26  2:56  Starport  
  27  3:05  Supply Depot  
  27  3:06  SCV, Hellion x2  
  32  3:14  Marine  
  32  3:18  SCV  
  34  3:20  SCV  
  35  3:28  Hellion  
  35  3:29  Hellion  
  35  3:30  SCV  
  35  3:32  SCV, Refinery  
  41  3:39  Fusion Core  
  41  3:43  SCV  
  41  3:44  SCV  
  41  3:47  Starport Tech Lab  
  43  3:53  Hellion x2  
  43  3:55  SCV  
  48  3:59  Supply Depot  
  48  4:01  SCV  
  49  4:06  Supply Depot  
  49  4:07  SCV  
  50  4:13  SCV  
  50  4:14  Hellion  
  53  4:20  SCV  
  53  4:21  Hellion  
  56  4:31  Battlecruiser  
  56  4:35  Weapon Refit  
  62  4:44  SCV  
  63  4:46  Armory  
  63  4:47  Hellion  
  63  4:49  Hellion  
  63  4:51  SCV  
  68  5:01  Supply Depot  
  68  5:03  Supply Depot  
  68  5:05  SCV x2  
  70  5:22  Hellion x2  
  70  5:23  Command Center  
  75  5:35  SCV x2  
  75  5:36  Battlecruiser  
  82  5:47  SCV  
  82  5:48  SCV  
  73  5:58  Factory  
  73  6:00  SCV x2, Factory  
  73  6:03  Hellion  
  75  6:10  Terran Vehicle And Ship Armor Level 1  
  75  6:12  SCV x2  
  75  6:14  Refinery  
  77  6:19  Hellion  
  77  6:24  SCV x2, Hellion  
  75  6:34  Orbital Command  
  75  6:36  SCV  
  75  6:38  SCV  
  77  6:40  Battlecruiser  
  83  6:48  SCV  
  83  6:51  Hellion x2, Factory Tech Lab  
  83  6:52  SCV, Factory Tech Lab  
  89  7:00  SCV  
  90  7:04  SCV  
  90  7:05  Factory x2  
  89  7:11  SCV, Cyclone  
  89  7:12  SCV  
  89  7:15  Hellion, Cyclone  
  97  7:16  SCV, Hellion  
  98  7:24  SCV  
  98  7:29  SCV  
  101  7:32  Orbital Command  
  101  7:36  SCV  
  101  7:46  SCV, Refinery, Armory  
  101  7:47  Infernal Pre-Igniter, Mag-Field Accelerator  
  101  7:48  SCV  
  104  7:58  SCV  
  104  8:00  SCV, Factory Tech Lab x2  
  104  8:02  Engineering Bay  
  104  8:04  SCV  
  106  8:10  SCV  
  111  8:12  Hellion  
  111  8:13  SCV, Hellion, Cyclone  
  111  8:16  SCV  
  111  8:17  Supply Depot, Refinery  
  116  8:22  SCV, Supply Depot  
  117  8:38  Cyclone x2  
  117  8:39  Cyclone  
  124  8:46  Missile Turret  
  124  8:47  Missile Turret  
  104  8:51  Missile Turret x2  
  104  8:52  Cyclone  
  104  8:53  Hellion x2  
  109  8:56  Missile Turret  
  109  8:58  Missile Turret  
  109  9:02  Terran Vehicle Weapons Level 1, Terran Vehicle And Ship Armor Level 2  
  109  9:10  Cyclone  
  109  9:16  Cyclone  
  115  9:20  Missile Turret  
  115  9:26  Missile Turret  
  115  9:27  Missile Turret  
  115  9:28  Thor  
  115  9:29  Missile Turret  
  115  9:30  Command Center  
  121  9:32  Missile Turret  
  121  9:33  Missile Turret  
  121  9:34  Hellion x2  
  121  9:37  Missile Turret  
  123  9:48  Cyclone x2  
  129  9:56  Command Center  
  129  9:57  Factory  
  129  10:00  Hellion x2, Factory  
  129  10:05  Supply Depot  
  129  10:06  Supply Depot, Cyclone  
  136  10:13  Supply Depot x2  
  136  10:14  Supply Depot  
  136  10:16  Cyclone  
  139  10:26  Missile Turret x2, Cyclone  
  142  10:34  Hellion x2  
  146  10:38  Cyclone x2  
  138  10:48  Thor, Hellion x2  
  132  10:56  Hellion  
  131  10:58  Thor  
  117  11:10  Thor  
  117  11:11  Cyclone  
  110  11:29  Widow Mine  
  110  11:30  Widow Mine  
  110  11:31  Cyclone  
  117  11:37  Missile Turret  
  117  11:38  Missile Turret  
  117  11:40  Missile Turret  
  117  11:41  Missile Turret, Cyclone  
  117  11:43  Missile Turret  
  117  11:46  Missile Turret x2  
  120  11:48  Cyclone  
  120  11:53  Hellion x2  
  127  11:55  Cyclone  
  126  12:09  Thor  
  126  12:13  Thor  
  127  12:20  Thor  
  130  12:28  Cyclone  
  127  12:37  Sensor Tower  
  127  12:39  SCV x4  
  131  12:44  Missile Turret x3  
  131  12:46  Missile Turret  
  131  12:47  Missile Turret  
  132  12:51  Planetary Fortress  
  132  12:52  Cyclone  
  134  13:04  Thor  
  140  13:08  Missile Turret  
  140  13:10  Missile Turret  
  140  13:13  Thor  
  140  13:15  Hellion x2  
  140  13:18  SCV, Refinery  
  151  13:20  SCV  
  152  13:28  Hellion x2  
  152  13:31  Cyclone  
  159  13:37  Thor  
  159  13:39  SCV x2  
  167  13:48  Cyclone  
  163  13:53  Widow Mine x2  
  163  13:54  Drilling Claws  
  167  13:56  Cyclone  
  167  14:02  Widow Mine x2  
  165  14:03  Cyclone  
  157  14:14  Widow Mine  
  157  14:15  Hellion  
  157  14:20  Cyclone x2  
  152  14:28  Cyclone  
  147  14:32  SCV x2  
  147  14:35  Cyclone  
  147  14:37  SCV  
  147  14:38  SCV  
  154  14:41  SCV  
  144  14:56  SCV x2  
  140  15:00  SCV x2  
  133  15:12  Refinery  
  133  15:13  Refinery  
  133  15:15  Refinery  
Show
View Real Time Build Order
Export as new Build Order

GogojOey Zerg 

Build Orders: Hatch First, Muta Ling Bane 

Get SALT Encoding   

  12  0:00  Drone  
  13  0:13  Overlord  
  13  0:18  Drone  
  14  0:31  Drone  
  14  0:32  Drone  
  16  0:35  Drone  
  17  0:53  Hatchery  
  17  0:55  Drone  
  17  0:59  Drone  
  18  1:10  Extractor  
  17  1:15  Spawning Pool  
  17  1:16  Drone  
  17  1:20  Drone  
  18  1:29  Drone  
  19  1:39  Drone  
  20  1:51  Drone  
  21  2:02  Zergling x2  
  21  2:04  Queen  
  21  2:05  Queen, Zergling x2  
  27  2:11  Overlord  
  27  2:22  Hatchery  
  27  2:24  Drone  
  27  2:29  Drone  
  28  2:34  Drone x2  
  30  2:38  Drone  
  30  2:43  Queen  
  32  2:50  Overlord  
  32  2:52  Drone  
  32  2:56  Metabolic Boost  
  33  2:59  Drone  
  33  3:02  Drone  
  35  3:09  Drone  
  35  3:12  Drone x2  
  38  3:13  Drone x3  
  38  3:18  Drone x2  
  43  3:22  Overlord  
  43  3:38  Zergling x4  
  43  3:40  Overlord  
  43  3:41  Queen  
  45  3:42  Drone x2  
  45  3:46  Queen  
  51  3:51  Overlord  
  51  3:55  Overlord  
  51  3:56  Overlord  
  51  3:59  Overlord  
  51  4:00  Drone x2  
  51  4:02  Drone  
  54  4:03  Drone  
  54  4:06  Drone x2  
  57  4:10  Zergling x2  
  57  4:11  Drone  
  57  4:14  Evolution Chamber  
  57  4:16  Zergling x2  
  59  4:21  Zergling x4  
  61  4:31  Drone x4  
  63  4:32  Overlord  
  63  4:33  Extractor, Drone  
  63  4:34  Drone x3  
  63  4:37  Spore Crawler  
  67  4:38  Spore Crawler  
  67  4:41  Spore Crawler  
  67  4:43  Zerg Melee Weapons Level 1  
  65  4:46  Zergling x4  
  65  4:49  Overlord  
  65  4:52  Drone x3  
  70  5:07  Overlord  
  70  5:08  Drone x4  
  70  5:09  Lair  
  70  5:10  Extractor  
  70  5:11  Queen, Drone x2  
  70  5:13  Drone  
  78  5:20  Drone x2  
  80  5:25  Spore Crawler  
  80  5:26  Zergling x10  
  80  5:27  Zergling x2  
  86  5:35  Drone  
  86  5:36  Baneling Nest  
  86  5:41  Drone x3  
  86  5:42  Queen  
  87  5:53  Zergling x16  
  82  5:59  Zergling x8  
  84  6:04  Queen  
  85  6:11  Zergling x10  
  85  6:12  Queen, Zergling x2  
  84  6:21  Zergling x6  
  84  6:25  Extractor  
  80  6:26  Extractor, Baneling x4  
  80  6:27  Drone x2  
  80  6:28  Drone x2  
  80  6:31  Extractor  
  82  6:33  Spire, Drone x2  
  82  6:37  Drone x3  
  82  6:38  Drone  
  85  6:49  Overlord x3  
  85  6:52  Overlord  
  83  6:56  Zerg Melee Weapons Level 2  
  83  6:57  Overlord  
  83  7:03  Overlord  
  83  7:05  Overlord  
  83  7:06  Queen  
  83  7:09  Drone  
  83  7:14  Drone x2  
  83  7:16  Drone x5  
  86  7:23  Drone x3  
  89  7:30  Overlord  
  89  7:31  Zergling x8  
  89  7:32  Zergling x2  
  94  7:47  Overlord  
  94  7:49  Mutalisk x3  
  100  7:52  Zerg Flyer Weapons Level 1  
  100  7:54  Corruptor x3  
  105  8:08  Mutalisk x3  
  105  8:09  Mutalisk x3  
  111  8:15  Hatchery, Mutalisk  
  111  8:25  Mutalisk  
  113  8:28  Overlord x2  
  113  8:29  Overlord, Centrifical Hooks  
  113  8:32  Overlord x2  
  106  8:43  Overlord  
  99  8:50  Mutalisk x3  
  105  9:01  Mutalisk x2  
  109  9:04  Zergling x16  
  117  9:13  Hatchery  
  117  9:15  Mutalisk x2  
  118  9:20  Extractor  
  118  9:23  Extractor, Drone  
  115  9:25  Mutalisk  
  115  9:27  Drone x3  
  115  9:28  Drone x4  
  124  9:38  Queen, Drone x3  
  127  9:39  Mutalisk x2  
  127  9:40  Mutalisk  
  127  9:43  Extractor  
  127  9:45  Extractor, Mutalisk  
  133  9:47  Zergling x8  
  133  9:52  Drone  
  130  9:55  Zerg Flyer Weapons Level 2  
  129  10:01  Overlord  
  129  10:02  Mutalisk  
  129  10:04  Zergling x16  
  139  10:12  Mutalisk x2  
  143  10:15  Zergling x8  
  143  10:16  Zergling x2  
  143  10:20  Drone x2  
  150  10:23  Mutalisk  
  150  10:24  Mutalisk  
  152  10:40  Overlord x2  
  139  10:48  Mutalisk  
  139  10:49  Mutalisk  
  141  10:53  Overlord, Spore Crawler x2  
  129  10:59  Mutalisk  
  129  11:00  Mutalisk x6  
  129  11:02  Zergling x4  
  138  11:08  Mutalisk x2  
  138  11:11  Zergling x6  
  143  11:16  Mutalisk x2  
  139  11:24  Mutalisk x2  
  137  11:26  Zergling x8  
  137  11:32  Drone x3  
  138  11:33  Drone x2  
  138  11:39  Drone x4  
  144  11:42  Mutalisk  
  144  11:44  Drone  
  147  11:47  Extractor  
  147  11:48  Drone  
  147  11:49  Mutalisk  
  149  11:55  Mutalisk x2  
  118  12:23  Drone x2  
  118  12:24  Drone x6  
  118  12:25  Drone  
  118  12:28  Drone  
  118  12:29  Drone  
  122  12:31  Mutalisk x4  
  122  12:32  Mutalisk x4  
  122  12:35  Overseer  
  137  12:38  Drone x2  
  137  12:39  Drone x2  
  141  12:48  Zerg Missile Weapons Level 1  
  141  12:49  Hydralisk Den  
  141  12:50  Drone x2  
  141  12:51  Drone x2  
  143  12:52  Drone  
  139  13:06  Drone x3  
  142  13:21  Hydralisk x7, Grooved Spines  
  156  13:29  Overlord x3  
  156  13:32  Overlord  
  156  13:33  Infestation Pit  
  155  13:35  Overlord  
  155  13:36  Overseer  
  155  13:38  Overlord  
  153  13:49  Hydralisk x9  
  153  13:54  Hydralisk x2  
  165  14:09  Hydralisk x7  
  158  14:30  Hydralisk x6  
  158  14:31  Hydralisk x2  
  150  14:36  Zergling x2, Hydralisk  
  150  14:37  Zergling x2  
  143  14:43  Hydralisk x2  
  143  14:44  Zergling x2  
  115  14:54  Hydralisk x3  
  97  15:02  Zergling x4  
Tags
 
Add a new tag
Caveats
  • Supply blocks, unpowered buildings, or Contaminate may cause inaccurate times.
  • Supply counts are checked every 10 seconds.